 Dungeon Crawl Stone Soup version 0.30.2 (webtiles) character file.

Game seed: 16675122233509103620

1766129 ww7 the Slayer (level 25, 220/220 HPs)
             Began as a Hill Orc Transmuter on Apr 6, 2024.
             Was an Elder of Okawaru.
             Escaped with the Orb
             ... and 3 runes on Apr 8, 2024!
             The game lasted 03:27:31 (58215 turns).

ww7 the Slayer (Hill Orc Transmuter)               Turns: 58215, Time: 03:27:32

Health: 220/220    AC: 38    Str: 31    XL:     25   Next: 95%
Magic:  31/31      EV:  8    Int: 13    God:    Okawaru [****..]
Gold:   1799       SH: 15    Dex:  6    Spells: 26/27 levels left

rFire   + + +        h - +9 broad axe (spect)
rCold   + + .        T - +2 kite shield {rC+}
rNeg    + + +        G - +8 gold dragon scales
rPois   +            v - +2 helmet of Fexyrphoa {rN+ Will++ Regen+ Int-2}
rElec   +            o - scarf {repulsion}
rCorr   .            g - +0 pair of gloves of Vuussehi {Rampage Regen+}
SInv    +            s - +0 pair of boots of the Centipede {-Cast rF++ SInv Stlth+}
Will    +++++        n - amulet "Ucoiffau" {Will+ Regen+} Stlth
                     E - ring of Recklessness {rElec rF+++ rN+ Will+ Int+2}
HPRegen 2.96/turn    Y - ring "Labeshruj" {Drain +Blink rN++ Str+6 Dex-5}
MPRegen 0.22/turn

%: no spellcasting, repel missiles, rampage
@: studying Staves
A: deterioration 1, frail 1, low MP 1, subdued magic 1
0: Orb of Zot
}: 3/15 runes: decaying, silver, gossamer
a: Renounce Religion, Evoke Blink, Heroism, Finesse


You escaped.
You worshipped Okawaru.
Okawaru was greatly pleased with you.
You visited 10 branches of the dungeon, and saw 46 of its levels.
You visited 1 bazaar.
You also visited: Gauntlet and Volcano.

You collected 7561 gold pieces.
You spent 5762 gold pieces at shops.

Inventory:

Hand Weapons
 h - a +9 spectral broad axe (weapon)
Missiles
 c - 43 atropa-tipped darts
 q - 13 curare-tipped darts
 y - 2 throwing nets {!f}
 K - 6 datura-tipped darts
 S - 10 silver javelins
 U - 14 javelins (quivered)
 V - 18 boomerangs
Armour
 g - the +0 pair of gloves of Vuussehi (worn) {Rampage Regen+}
   (You acquired it on level 4 of the Dungeon)

   Regen:     It increases your rate of health regeneration.
   Rampage:   It bestows one free step when moving towards enemies.
 o - a scarf of repulsion (worn)
 s - the +0 pair of boots of the Centipede (worn) {-Cast rF++ SInv Stlth+}
   (Okawaru gifted it to you on level 5 of the Realm of Zot)

   rF:        It greatly protects you from fire.
   SInv:      It lets you see invisible.
   -Cast:     It prevents spellcasting.
   Stlth:     It makes you more stealthy.
 v - the +2 helmet of Fexyrphoa (worn) {rN+ Will++ Regen+ Int-2}
   (You found it on level 5 of the Vaults)

   Int:       It affects your intelligence (-2).
   rN:        It protects you from negative energy.
   Regen:     It increases your rate of health regeneration.
   Will:      It greatly increases your willpower.
 z - a +1 pair of boots of flying
 G - +8 gold dragon scales (worn)
 L - a scarf of resistance
 T - a +2 kite shield of cold resistance (worn)
 Z - a +2 helmet of see invisible
Jewellery
 b - the ring of Finality {rC+ Will+ rCorr EV+5}
   (You took it off a deep elf high priest on level 5 of the Vaults)

   [ring of evasion]

   EV:        It affects your evasion (+5).
   rC:        It protects you from cold.
   rCorr:     It protects you from acid and corrosion.
   Will:      It increases your willpower.
 e - a ring of resist corrosion
 k - the ring "Biph" {rC+ rN++ MP+9 Dex+2}
   (You took it off a yaktaur captain on level 5 of the Vaults)

   [ring of magical power]

   Dex:       It affects your dexterity (+2).
   rC:        It protects you from cold.
   rN:        It greatly protects you from negative energy.
   MP:        It affects your magic capacity (+9).
 n - the amulet "Ucoiffau" (around neck) {Will+ Regen+}
   (You bought it in a shop on level 2 of the Dungeon)

   [amulet of regeneration]

   Regen:     It increases your rate of health regeneration.
   Will:      It increases your willpower.
 E - the ring of Recklessness (left hand) {rElec rF+++ rN+ Will+ Int+2}
   (You found it on level 8 of the Dungeon)

   [ring of positive energy]

   Int:       It affects your intelligence (+2).
   rF:        It renders you almost immune to fire.
   rElec:     It insulates you from electricity.
   rN:        It protects you from negative energy.
   Will:      It increases your willpower.
 Y - the ring "Labeshruj" (right hand) {Drain +Blink rN++ Str+6 Dex-5}
   (You took it off an ironbound preserver on level 1 of the Vaults)

   [ring of strength]

   Str:       It affects your strength (+6).
   Dex:       It affects your dexterity (-5).
   rN:        It greatly protects you from negative energy.
   +Blink:    It lets you blink.
   Drain:     It drains your maximum health when unequipped.
Wands
 i - a wand of polymorph (19)
 u - a wand of mindburst (38)
 x - a wand of flame (147)
 A - a wand of light (11)
 B - a wand of paralysis (12)
 D - a wand of roots (13)
Scrolls
 j - 7 scrolls of fog
 l - a scroll of silence
 m - 7 scrolls of blinking
 p - 14 scrolls of teleportation
 r - 3 scrolls of torment
 w - 7 scrolls of fear
 N - 2 scrolls of immolation
 P - a scroll of poison
 W - 6 scrolls of vulnerability
Potions
 a - 8 potions of brilliance
 d - 9 potions of might
 f - 19 potions of curing
 t - 6 potions of magic
 C - 5 potions of invisibility
 F - 3 potions of attraction
 H - 9 potions of heal wounds {!q}
 I - 10 potions of ambrosia
 J - 4 potions of mutation
 M - 4 potions of cancellation
 Q - 9 potions of haste
 R - 8 potions of flight
Miscellaneous
 X - a lightning rod (4/4)


   Skills:
 + Level 23.8 Fighting
 - Level 23.0 Axes
 + Level 20.7 Throwing
 + Level 19.8 Armour
 + Level 8.0 Dodging
 + Level 18.9 Shields
 - Level 3.2 Unarmed Combat
 - Level 1.5 Spellcasting
 - Level 1.3 Transmutations
 - Level 16.7 Invocations
 - Level 9.0 Evocations


You had 26 spell levels left.
You knew the following spells:

 Your Spells              Type           Power      Damage    Failure   Level
a - Beastly Appendage     Tmut           6%         N/A       85%         1

Your spell library contained the following spells:

 Spells                   Type           Power      Damage    Failure   Level
 Wereblood                Tmut           3%         N/A       94%         2
 Freeze                   Ice            0%         1d3       96%         1
 Necrotise                Necr           0%         1d4       96%         1
 Sandblast                Erth           0%         2d4       96%         1
 Passwall                 Tmut/Erth      1%         N/A       97%         2
 Lesser Beckoning         Tloc           0%         N/A       99%         2
 Poisonous Vapours        Pois/Air       0%         N/A       99%         2
 Frozen Ramparts          Ice            0%         1d1       100%        3
 Gell's Gravitas          Tloc           0%         N/A       100%        3
 Hailstorm                Conj/Ice       0%         3d3       100%        3
 Ignite Poison            Fire/Tmut/Pois 1%         N/A       100%        3
 Mephitic Cloud           Conj/Pois/Air  0%         N/A       100%        3
 Ozocubu's Armour         Ice            0%         N/A       100%        3
 Portal Projectile        Hex/Tloc       0%         N/A       100%        3
 Spider Form              Tmut/Pois      2%         N/A       100%        3
 Stone Arrow              Conj/Erth      0%         3d7       100%        3
 Teleport Other           Tloc           0%         N/A       100%        3
 Vampiric Draining        Necr           0%         2d6       100%        3
 Vhi's Electric Charge    Tloc/Air       0%         N/A       100%        3
 Ice Form                 Ice/Tmut       2%         N/A       100%        4
 Passage of Golubria      Tloc           0%         N/A       100%        4
 Agony                    Necr           0%         N/A       100%        5
 Alistair's Intoxication  Tmut/Pois      1%         N/A       100%        5
 Arcjolt                  Conj/Air       0%         1d10      100%        5
 Blade Hands              Tmut           1%         N/A       100%        5
 Borgnjor's Vile Clutch   Necr/Erth      0%         N/A       100%        5
 Fireball                 Conj/Fire      0%         3d3       100%        5
 Freezing Cloud           Conj/Ice/Air   0%         6-21      100%        5
 Irradiate                Conj/Tmut      1%         3d12      100%        5
 Iskenderun's Battlesphe  Conj           0%         2d6       100%        5
 Yara's Violent Unravell  Hex/Tmut       1%         3d3       100%        5
 Conjure Ball Lightning   Conj/Air       0%         3x3d6     100%        6
 Eringya's Noxious Bog    Tmut/Pois      1%         N/A       100%        6
 Iron Shot                Conj/Erth      0%         9d1       100%        6
 Dragon Form              Tmut           1%         N/A       100%        7
 Orb of Destruction       Conj           0%         9d5       100%        7
 Ozocubu's Refrigeration  Ice            0%         4d7       100%        7
 Storm Form               Tmut/Air       1%         N/A       100%        7
 Discord                  Hex            0%         N/A       100%        8
 Disjunction              Tloc           0%         N/A       100%        8
 Lehudib's Crystal Spear  Conj/Erth      0%         10d2      100%        8
 Maxwell's Capacitive Co  Air            0%         ∞         100%        8
 Tukima's Dance           Hex            Unusable   N/A       N/A         3
 Animate Armour           Summ/Erth      Unusable   N/A       N/A         4
 Summon Lightning Spire   Summ/Air       Unusable   N/A       N/A         4

Dungeon Overview and Level Annotations

Branches:
Dungeon (15/15)            Temple (1/1) D:4            Lair (5/5) D:8
  Swamp (4/4) Lair:3       Spider (4/4) Lair:3        Slime (0/5) Lair:4
    Orc (2/2) D:9             Elf (0/3) Orc:2        Vaults (5/5) D:13
  Crypt (1/3) Vaults:2     Depths (4/4) D:15            Zot (5/5) Depths:4
Volcano (visited)         Gauntlet (visited)

Altars:
Cheibriados
Dithmenos
Elyvilon
Hepliaklqana
Kikubaaqudgha
Nemelex Xobeh
Okawaru
Ru
Sif Muna
Trog
Uskayaw
Vehumet
Xom
Yredelemnul
Zin
The Shining One
Jiyva

Shops:
D:2 [[=   D:4 [(=!?[:(   D:12 =   D:15 =   Orc:1 (!!=!   Orc:2 *=[(
Vaults:2 ?   Vaults:4 !   Depths:2 *   Depths:3 :=:

Portals:
Hell: Depths:1 Depths:2 Depths:3 Depths:4
Abyss: Depths:1 Depths:3 Depths:4
Pandemonium: Depths:2 Depths:4
Ziggurat: Depths:2

Annotations:
D:11 exclusion: downstairs
D:14 2 transporters, Pios Xaciraj's ghost, journeyman DgHW
Swamp:4 2 runed translucent doors, Jethros's ghost, adept GrEE


Innate Abilities, Weirdness & Mutations

Your body sometimes deteriorates upon taking damage.
You are frail. (-10% HP)
Your magical capacity is low. (-10% MP)
Your spells are a little easier to cast, but a little less powerful.


Message History

There is a stone staircase leading down here. 체력이 전부 회복되었습니다. (220)
(D) Dungeon (T) Temple (L) Lair (S) Swamp (N) Spider Nest (M) Slime Pits (O) Orcish Mines (E) Elven Halls (V) Vaults (C) Crypt (U) Depths (H) Hell (Z) Zot
Where to? (Enter - D:1, ? - help) You're already here!
(D) Dungeon (T) Temple (L) Lair (S) Swamp (N) Spider Nest (M) Slime Pits (O) Orcish Mines (E) Elven Halls (V) Vaults (C) Crypt (U) Depths (H) Hell (Z) Zot
Where to? (Enter - D:1, ? - help)
What level of the Dungeon? (default 1, ? - help) You're already here!
Unknown command.
There is an empty arch of ancient stone here.
A reaper comes into view. It is wielding a +0 antimagic scythe.
You slash the reaper!
The reaper is lightly wounded.
Your +9 spectral broad axe hits the reaper!
Unknown command.
You slice the reaper!!
The reaper is severely wounded.
Your +9 spectral broad axe hits the reaper!!!
You kill the reaper!
Okawaru accepts your kill.
You swap places.
Your +9 spectral broad axe disappears.
There is a fountain of clear blue water here.
You see here a +0 antimagic scythe.
There is a fountain of clear blue water here.
There is a staircase leading out of the dungeon here.
Search for what [Enter for "dig", or ? for help]? regen Unknown command.
Search for what [Enter for "regen", or ? for help]? unrand Can't find anything matching that.
Search for what [Enter for "unrand", or ? for help]? artifact Unknown command.
You have escaped!

#.......# ######.####.#
........# #........##.#
#.#.##.## ###.####.#.##.#
....##.# #...# #.#....#
..############## #......#
#..#...........# ######.#
####.⌠.⌠.⌠.⌠.⌠.## #.#####
###.............#######.....#
..∩.≈≈≈≈≈≈≈≈≈≈≈.@#...######.#
###.............##...# #.#
..##.).⌠.⌠.⌠.⌠.##....# ###.#
...#...........#.....# #...#
...#############.....# #.###
###...#.##.##........# #.#
.....................# #.#
####.##.##.##.##.##### #.#
#.##.##.##.##.# #.#


There were no monsters in sight!

Vanquished Creatures
  A dread lich (Zot:5)
  4 orbs of fire (Zot:5)
  2 ancient liches (Zot:5)
  A juggernaut (Depths:2)
  5 Killer Klowns (Zot:5)
  Parghit (Zot:1)
  5 caustic shrikes (Depths:4)
  5 golden dragons
  4 curse toes
  2 bone dragons (Depths:4)
  A Brimstone Fiend (D:15)
  3 electric golems
  16 tentacled monstrosities
  Rupert (Lair:5)
  Jorgrun (D:13)
  2 liches
  22 Orb Guardians (Zot:5)
  2 walking earthen tomes
  2 quicksilver dragons
  A titan (Vaults:5)
  6 sphinxes
  4 death cobs
  Gastronok (Orc:1)
  Kirke (D:15)
  Frances (D:14)
  4 shadow dragons
  3 draconian monks
  11 storm dragons
  9 tengu reavers
  Donald (Vaults:3)
  14 fire giants
  15 frost giants
  2 emperor scorpions
  3 draconian scorchers
  2 deep elf sorcerers
  18 vault wardens
  2 iron dragons
  4 ghost moths
  A draconian shifter (Zot:2)
  A balrug (Depths:3)
  4 orc warlords
  An angel (D:4)
  3 reapers
  4 draconian annihilators
  4 draconian stormcallers
  21 stone giants
  2 cacodemons
  23 ironbound preservers
  A broodmother (Spider:4)
  A spriggan defender (Depths:3)
  4 war gargoyles (Vaults:5)
  31 very ugly things
  4 vampire knights
  A deep elf annihilator (Vaults:5)
  4 black draconians
  6 ironbound thunderhulks
  4 green draconians
  Azrael (D:13)
  11 dire elephants
  5 eleionomae
  4 yellow draconians
  2 bunyips (Swamp:3)
  14 spark wasps
  8 red draconians
  9 purple draconians
  5 white draconians
  A deep elf death mage (Vaults:5)
  15 ettins
  7 great orbs of eyes
  11 fire dragons
  A blizzard demon (Depths:3)
  6 deep elf high priests
  5 entropy weavers
  19 yaktaur captains
  2 rakshasas
  The ghost of bignoob the Carver, a journeyman MeMo of Cheibriados (Orc:1)
  A hell beast (Depths:3)
  3 jiangshi (Depths:3)
  10 ice dragons
  8 hydras
  5 jorogumos
  40 vault guards
  A catoblepas (Lair:1)
  3 spriggan air magi
  A ghost crab (Swamp:1)
  3 radroaches
  An ogre mage (D:15)
  9 ironbound frosthearts
  A radroach (shapeshifter) (Vaults:5)
  6 centaur warriors
  7 deep troll shamans
  4 boulder beetles
  2 alligators
  8 tengu warriors
  A death knight (D:12)
  9 two-headed ogres
  6 deep troll earth magi
  4 orc high priests (Orc:2)
  2 vampire magi
  6 spriggan berserkers
  A sun demon (Zot:1)
  A soul eater (Depths:3)
  3 hell knights (Depths:4)
  A skyshark (shapeshifter) (D:13)
  3 pharaoh ants
  A shadow wraith (D:13)
  4 iron trolls
  A fire crab (Lair:5)
  6 sixfirhies
  A salamander mystic (Volcano)
  45 deep trolls
  2 skysharks
  12 orb spiders
  Lodul (D:14)
  A cherub (Zot:5)
  A death drake (Gauntlet)
  2 glowing orange brains
  2 bog bodies (Swamp:4)
  2 tengu zombies
  An obsidian statue (Depths:3)
  15 harpies
  3 spriggan druids
  11 wizards
  Pikel (D:8)
  19 ironbound convokers
  A flayed ghost (Vaults:5)
  A spriggan simulacrum (Depths:2)
  2 steelbarb worms (Spider:4)
  14 lindwurms
  19 wolf spiders
  3 phantasmal warriors
  8 necromancers
  11 orc knights
  3 deep elf pyromancers
  4 orc sorcerers
  6 salamanders (Volcano)
  72 ugly things
  4 will-o-the-wisps
  2 human zombies
  3 manticores
  2 shining eyes (shapeshifter)
  6 cyclopes
  A frost giant skeleton (Vaults:4)
  5 elephants (Lair:5)
  4 black mambas
  12 moths of wrath
  18 vault sentinels
  A water nymph (shapeshifter) (Vaults:5)
  9 demonic crawlers
  A gargoyle (D:13)
  4 rust devils
  Maurice (D:8)
  2 orange demons (Depths:2)
  The ghost of Sumgai83 the Covert, a novice SpEn of Hepliaklqana (D:6)
  2 molten gargoyles (Lair:5)
  6 cane toads
  Maggie (D:8)
  A smoke demon (Gauntlet)
  2 unseen horrors
  3 torpor snails
  6 rime drakes
  A yaktaur zombie (Vaults:4)
  A komodo dragon (shapeshifter) (Vaults:1)
  5 tengu conjurers
  6 freezing wraiths
  50 yaktaurs
  8 komodo dragons
  3 ice devils
  An efreet (D:15)
  A red devil (Gauntlet)
  A polar bear (Lair:1)
  7 trolls
  3 meliai (Spider:1)
  2 tarantellas (shapeshifter)
  4 tyrant leeches
  A wind drake (shapeshifter) (Vaults:5)
  A wolf spider simulacrum (D:13)
  8 hornets
  3 hellwings
  A polar bear (shapeshifter) (D:15)
  A spectral meliai (Gauntlet)
  21 tarantellas
  4 dream sheep (Lair:5)
  12 blink frogs
  A frost giant simulacrum (Depths:2)
  18 culicivoras
  A slime creature (shapeshifter) (Vaults:5)
  A centaur simulacrum (D:13)
  16 jumping spiders
  41 slime creatures
  2 vampires
  Sigmund (D:4)
  A shadow (D:12)
  6 wyverns
  31 yaks
  6 spriggans
  2 hogs (D:15)
  2 wraiths
  3 fire elementals (D:13)
  4 water elementals
  2 humans (D:15)
  An unseen horror simulacrum (D:6)
  6 basilisks
  2 steam dragons (D:9)
  44 redbacks
  A chaos spawn (Depths:3)
  2 swamp worm simulacra (Swamp:4)
  10 vampire mosquitoes
  6 wargs
  15 swamp worms
  5 hell hounds
  An acid dragon (D:13)
  12 water moccasins
  Duvessa (D:5)
  2 glowing shapeshifter skeletons (Vaults:4)
  14 hydra simulacra (Swamp:4)
  29 orc warriors
  A floating eye (shapeshifter) (Depths:3)
  A swamp drake (Swamp:2)
  A sky beast (D:8)
  A black bear (D:5)
  2 ice beasts
  2 hornet zombies (Gauntlet)
  18 ogres
  11 wolves
  A boggart (D:11)
  A lemure (D:7)
  7 centaurs
  A gnoll sergeant (D:9)
  13 bullfrogs
  A scorpion (D:5)
  A glowing shapeshifter simulacrum (Depths:2)
  Dowan (D:5)
  A human simulacrum (Vaults:4)
  9 killer bees
  3 howler monkeys
  5 electric eels
  2 spectral centaurs
  3 crimson imps (Gauntlet)
  5 lava snakes (Lair:5)
  2 hounds
  18 orc priests
  2 iguanas (D:5)
  5 jellies
  A centaur skeleton (D:6)
  10 orc wizards
  A sleepcap (D:4)
  A spectral howler monkey (D:6)
  7 gnolls
  7 adders
  A shadow imp (D:7)
  3 white imps
  6 swamp drake simulacra (Swamp:4)
  5 dart slugs
  61 orcs
  2 endoplasms
  6 giant cockroaches
  3 goblins
  8 hobgoblins
  8 kobolds
  4 quokkas
  9 ball pythons
  4 bats
  3 frilled lizards
  2 rats
  A spectral weapon (Zot:1)
1656 creatures vanquished.

Vanquished Creatures (others)
  A draconian knight (Zot:1)
  A bunyip (Swamp:3)
  An ironbound frostheart (Vaults:1)
  A wizard (Vaults:4)
  3 tyrant leeches
  3 bloated husks
  A bullfrog (shapeshifter) (Vaults:5)
  12 foxfires
  14 spectral weapons
37 creatures vanquished.

Grand Total: 1693 creatures vanquished

Notes
Turn   | Place    | Note
-------+----------+-------------------------------------------
     0 | D:1      | ww7 the Hill Orc Transmuter began the quest for the Orb.
     0 | D:1      | Reached XP level 1. HP: 16/16 MP: 3/3
    34 | D:1      | Reached XP level 2. HP: 25/25 MP: 4/4
   882 | D:2      | Found Gyjicina's Armour Shop.
   898 | D:2      | Reached XP level 3. HP: 31/31 MP: 5/5
   975 | D:2      | Found Puapof's Jewellery Emporium.
  1003 | D:2      | Found a faded altar of an unknown god.
  1075 | D:2      | Found a sparkling altar of Nemelex Xobeh.
  1127 | D:2      | Reached skill level 1 in Axes
  1131 | D:2      | Reached XP level 4. HP: 40/40 MP: 6/6
  1137 | D:2      | Found Nouloanu's Antique Armour Emporium.
  1495 | D:3      | Reached XP level 5. HP: 35/46 MP: 7/7
  1838 | D:3      | Got the Atlas of the Feathery Switch
  2111 | D:4      | Found Zeviphoc's Jewellery Shoppe.
  2111 | D:4      | Found Gimep's Weapon Shoppe.
  2111 | D:4      | Found Hoafemis's Antique Armour Shoppe.
  2241 | D:4      | Found Gorecux's Antique Armour Shop.
  2263 | D:4      | Found Loffeola's Magic Scroll Shoppe.
  2328 | D:4      | Found Saisak's Distillery.
  2373 | D:4      | Found a shimmering altar of Xom.
  2484 | D:4      | Noticed Sigmund
  2488 | D:4      | Killed Sigmund
  2489 | D:4      | Reached XP level 6. HP: 52/52 MP: 8/8
  2621 | D:4      | Found Hemuocuma's Book Shoppe.
  2743 | D:4      | Bought a scroll of identify for 22 gold pieces
  2743 | D:4      | Bought a scroll of identify for 22 gold pieces
  2896 | D:4      | Reached XP level 7. HP: 32/59 MP: 9/9
  3093 | D:4      | Found Pumpoen's Antique Weapon Shoppe.
  3137 | D:4      | Found a staircase to the Ecumenical Temple.
  3148 | Temple   | Entered the Ecumenical Temple
  3170 | Temple   | Became a worshipper of Warmaster Okawaru
  3202 | D:5      | Entered Level 5 of the Dungeon
  3313 | D:5      | Found a snail-covered altar of Cheibriados.
  3368 | D:5      | Reached skill level 1 in Invocations
  3517 | D:5      | Noticed Dowan
  3557 | D:5      | Killed Dowan
  3746 | D:6      | Found a sacrificial altar of Ru.
  3749 | D:6      | Reached skill level 5 in Fighting
  3799 | D:6      | Reached XP level 8. HP: 54/68 MP: 10/10
  4018 | D:6      | Found a runed translucent gate.
  4018 | D:6      | Found a runed translucent gate.
  4018 | D:6      | Found a runed translucent gate.
  4019 | D:6      | Noticed Sumgai83's ghost (novice SpEn)
  4330 | D:6      | Reached * piety under Okawaru
  4851 | D:7      | Reached skill level 10 in Axes
  5592 | D:7      | Reached skill level 1 in Shields
  5762 | D:8      | Noticed Pikel
  5866 | D:8      | Noticed Joseph
  5870 | D:8      | Joseph changed into Joseph the sky beast
  5870 | D:8      | Noticed Joseph
  5929 | D:8      | Killed Joseph the sky beast
  5993 | D:8      | Identified the ring of Recklessness {rElec rF+++ rN+ Will+
                  | Int+2}
  6074 | D:8      | Reached skill level 5 in Invocations
  6074 | D:8      | Reached XP level 9. HP: 23/78 MP: 9/12
  6226 | D:8      | Noticed Maggie
  6236 | D:8      | Killed Maggie
  6236 | D:8      | Reached ** piety under Okawaru
  6291 | D:8      | Killed Pikel
  6343 | D:8      | Found a staircase to the Lair.
  6774 | D:8      | Noticed Maurice
  6784 | D:8      | Paralysed by Maurice for 2 turns
  6794 | D:8      | Killed Maurice
  7397 | D:9      | Reached *** piety under Okawaru
  7447 | D:9      | Reached XP level 10. HP: 86/88 MP: 15/15
  7503 | D:9      | Reached skill level 1 in Throwing
  7693 | D:9      | Reached skill level 5 in Shields
  7931 | D:9      | Killed an unseen horror
  8013 | D:9      | Found a bloodstained altar of Trog.
  8019 | D:9      | Found a hide-covered altar of Uskayaw.
  8235 | D:9      | Found a staircase to the Orcish Mines.
  8312 | D:10     | Entered Level 10 of the Dungeon
  8338 | D:10     | Reached **** piety under Okawaru
  8456 | D:10     | Killed an unseen horror
  8456 | D:10     | Received a gift from Okawaru
  8975 | D:10     | Reached XP level 11. HP: 93/93 MP: 17/17
  9337 | D:11     | Noticed a two-headed ogre
  9353 | D:11     | Killed a two-headed ogre
  9354 | D:11     | Reached skill level 15 in Axes
  9379 | D:11     | Noticed a two-headed ogre
  9403 | D:11     | Killed a two-headed ogre
  9403 | D:11     | Reached ***** piety under Okawaru
  9442 | D:11     | Noticed a two-headed ogre
  9479 | D:11     | Killed a two-headed ogre
  9508 | D:11     | Noticed a cyclops
  9525 | D:11     | Killed a cyclops
 10266 | D:12     | Noticed a manticore
 10346 | D:12     | Noticed a green ugly thing
 10383 | D:12     | Noticed a cyclops
 10500 | D:12     | Noticed a death knight
 10596 | Orc:1    | Entered Level 1 of the Orcish Mines
 10596 | Orc:1    | Noticed Gastronok
 10702 | Lair:1   | Entered Level 1 of the Lair of Beasts
 10752 | Lair:1   | Reached skill level 10 in Invocations
 10864 | Lair:1   | Noticed a catoblepas
 10893 | Lair:1   | Killed a catoblepas
 10894 | Lair:1   | Reached skill level 5 in Throwing
 11017 | Lair:1   | Noticed a lindwurm
 11017 | Lair:1   | Noticed a lindwurm
 11018 | Lair:1   | Noticed a lindwurm
 11027 | Lair:1   | Killed a lindwurm
 11042 | Lair:1   | Killed a lindwurm
 11043 | Lair:1   | Reached XP level 12. HP: 27/101 MP: 19/19
 11232 | Lair:1   | Received a gift from Okawaru
 11884 | Lair:2   | Noticed a four-headed hydra
 11900 | Lair:2   | Killed a four-headed hydra
 12936 | Lair:3   | Found a hole to the Spider Nest.
 13070 | Lair:3   | Noticed a skyshark
 13086 | Lair:3   | Killed a skyshark
 13618 | Lair:3   | Found a staircase to the Swamp.
 13877 | Lair:4   | Reached XP level 13. HP: 99/113 MP: 21/21
 14063 | Lair:4   | Identified the +5 spear of Vanoupn {vamp, *Corrode rF+ MP+9
                  | SInv}
 14177 | Lair:4   | Found a viscous altar of Jiyva.
 14183 | Lair:4   | Found a staircase to the Slime Pits.
 14208 | Lair:4   | Reached skill level 10 in Fighting
 14404 | Lair:4   | Found a hazy altar of Hepliaklqana.
 15076 | Lair:5   | Entered Level 5 of the Lair of Beasts
 15097 | Lair:5   | Received a gift from Okawaru
 15125 | Lair:5   | Noticed Rupert
 15137 | Lair:5   | Killed Rupert
 15196 | Lair:5   | Noticed a fire dragon
 15296 | Lair:5   | Received a gift from Okawaru
 15599 | Lair:5   | Received a gift from Okawaru
 15706 | Lair:5   | Found a dark tunnel.
 15715 | Lair:5   | Reached XP level 14. HP: 124/124 MP: 22/24
 15750 | Volcano  | Entered a volcano
 15785 | Volcano  | Found a burning altar of Makhleb.
 15786 | Volcano  | Noticed a red draconian
 15859 | Volcano  | Killed a red draconian
 15859 | Volcano  | Received a gift from Okawaru
 16657 | Lair:5   | Found a large runed translucent door.
 16671 | Lair:5   | Found a large runed translucent door.
 17129 | D:6      | Killed Sumgai83's ghost
 17504 | D:5      | Noticed Duvessa
 17512 | D:5      | Killed Duvessa
 18288 | Orc:1    | Killed Gastronok
 18337 | Orc:1    | Found Vaanutie's Distillery.
 18362 | Orc:1    | Bought a potion of curing for 36 gold pieces
 18362 | Orc:1    | Bought a potion of haste for 120 gold pieces
 18406 | Orc:1    | Found Laov's Distillery.
 18440 | Orc:1    | Found Tigar's Jewellery Shoppe.
 18508 | Orc:1    | Bought a potion of heal wounds for 55 gold pieces
 18508 | Orc:1    | Bought a potion of heal wounds for 55 gold pieces
 18890 | Orc:1    | Found Esypei Xyso's Antique Weapon Shoppe.
 19018 | Orc:1    | Found Lezevok's Distillery.
 19021 | Orc:1    | Bought a potion of berserk rage for 60 gold pieces
 19040 | Orc:2    | Entered Level 2 of the Orcish Mines
 19177 | Orc:2    | Found Xeitoroc's Jewellery Shop.
 19617 | Orc:2    | Paralysed by an orc sorcerer for 3 turns
 19648 | Orc:2    | Found Vubuesh's Antique Weapon Boutique.
 19691 | Orc:2    | Bought a ring of protection from cold for 250 gold pieces
 19709 | Orc:2    | Found Benut's Antique Armour Shop.
 19718 | Orc:2    | Noticed an orc warlord
 19726 | Orc:2    | Killed an orc warlord
 19745 | Orc:2    | Found Cial's General Store.
 19767 | Orc:2    | Bought a scroll of enchant armour for 120 gold pieces
 19767 | Orc:2    | Bought the +5 scale mail of Hangman {rElec} for 688 gold
                  | pieces
 19767 | Orc:2    | Bought a wand of paralysis (2) for 76 gold pieces
 19767 | Orc:2    | Bought a potion of mutation for 128 gold pieces
 19810 | Orc:2    | Found a staircase to the Elven Halls.
 20031 | Orc:1    | Found a runed translucent door.
 20065 | Orc:1    | Noticed bignoob's ghost (journeyman MeMo)
 20089 | Orc:1    | Killed bignoob's ghost
 20252 | D:12     | Found Dojuduwu's Jewellery Boutique.
 20826 | D:13     | Identified the +0 scale mail "Yjul" {rCorr MP+9 Str-5
                  | Slay+4} (Okawaru gifted it to you on level 13 of the
                  | Dungeon)
 20826 | D:13     | Received a gift from Okawaru
 20827 | D:13     | Reached skill level 1 in Armour
 20833 | D:13     | Reached XP level 15. HP: 106/134 MP: 26/26
 20896 | D:13     | Noticed Azrael
 20906 | D:13     | Killed Azrael
 21181 | D:13     | Reached skill level 15 in Invocations
 21214 | D:13     | Noticed a frost giant
 21231 | D:13     | HP: 5/135 [frost giant/+2 battleaxe of freezing (4)]
 22279 | D:13     | Noticed Jorgrun
 22315 | D:13     | Killed Jorgrun
 22480 | D:13     | Noticed an iron dragon
 22577 | D:13     | Killed an iron dragon
 22650 | D:13     | Noticed a shadow dragon
 22698 | D:13     | Killed a shadow dragon
 22817 | D:13     | Noticed a fire giant
 22833 | D:13     | Killed a fire giant
 22834 | D:13     | Reached skill level 10 in Throwing
 23011 | D:13     | Killed a frost giant
 23092 | D:13     | Received a gift from Okawaru
 23269 | D:13     | Found a gate to the Vaults.
 23437 | D:14     | Found a transporter.
 23593 | D:14     | Noticed Lodul
 23600 | D:14     | Killed Lodul
 23600 | D:14     | Received a gift from Okawaru
 23691 | D:14     | Found Naith's Jewellery Shop.
 23734 | D:14     | Reached skill level 5 in Armour
 23927 | D:14     | Noticed Frances
 23939 | D:14     | Killed Frances
 23994 | D:14     | Found a transporter.
 23997 | D:14     | Noticed Pios Xaciraj's ghost (journeyman DgHW)
 24558 | D:15     | Entered Level 15 of the Dungeon
 24689 | D:15     | Found a gate leading to a gauntlet.
 24698 | Gauntlet | Entered a Gauntlet
 24698 | Gauntlet | Found a transporter.
 24698 | Gauntlet | Found a transporter.
 24713 | Gauntlet | Found a transporter.
 24718 | Gauntlet | Found a transporter.
 24720 | Gauntlet | Found a large runed translucent door.
 24720 | Gauntlet | Found a large runed translucent door.
 24721 | Gauntlet | Found a large runed translucent door.
 24721 | Gauntlet | Found a large runed translucent door.
 24722 | Gauntlet | Found a runed translucent door.
 24722 | Gauntlet | Found a large runed translucent door.
 24722 | Gauntlet | Found a large runed translucent door.
 24722 | Gauntlet | Found a runed translucent door.
 24722 | Gauntlet | Found a large runed translucent door.
 24722 | Gauntlet | Found a large runed translucent door.
 24726 | Gauntlet | Found a large runed translucent door.
 24726 | Gauntlet | Found a large runed translucent door.
 24727 | Gauntlet | Found a large runed translucent door.
 24727 | Gauntlet | Found a large runed translucent door.
 24728 | Gauntlet | Found a large runed translucent door.
 24728 | Gauntlet | Found a large runed translucent door.
 24728 | Gauntlet | Found a large runed translucent door.
 24730 | Gauntlet | Found a runed translucent gate.
 24730 | Gauntlet | Found a runed translucent gate.
 24730 | Gauntlet | Found a runed translucent gate.
 24732 | Gauntlet | Found a transporter.
 24743 | Gauntlet | Found a large runed translucent door.
 24746 | Gauntlet | Found a transporter.
 24840 | Gauntlet | Found a transporter.
 24849 | Gauntlet | Found a transporter.
 24867 | Gauntlet | Found a transporter.
 24876 | Gauntlet | Found a transporter.
 24894 | Gauntlet | Found a transporter.
 24971 | Gauntlet | Found a transporter.
 24971 | Gauntlet | Found a transporter.
 24977 | Gauntlet | Noticed a balrug
 24987 | Gauntlet | Found a transporter.
 24993 | Gauntlet | Found a transporter.
 24999 | Gauntlet | Found a transporter.
 25150 | Gauntlet | Identified the +0 helmet of the Vaults {Rampage}
 25252 | Gauntlet | Reached XP level 16. HP: 107/145 MP: 26/28
 25263 | Gauntlet | Received a gift from Okawaru
 25966 | D:15     | Noticed Kirke
 25999 | D:15     | Killed Kirke
 25999 | D:15     | Received a gift from Okawaru
 26056 | D:15     | Found a staircase to the Depths.
 26500 | D:15     | Found Lackuux's Jewellery Emporium.
 26925 | D:2      | Bought the amulet "Ucoiffau" {Will+ Regen+} for 511 gold
                  | pieces
 27066 | D:4      | Bought a scroll of acquirement for 572 gold pieces
 27066 | D:4      | Acquired the +0 pair of gloves of Vuussehi {Rampage Regen+}
 27095 | D:4      | Bought a scroll of enchant armour for 82 gold pieces
 27308 | Swamp:1  | Entered Level 1 of the Swamp
 27366 | Spider:1 | Entered Level 1 of the Spider Nest
 27831 | Spider:1 | Received a gift from Okawaru
 28181 | Spider:1 | Reached skill level 1 in Evocations
 29030 | Spider:2 | You fall into a shaft and drop 1 floor!
 29283 | Spider:3 | Received a gift from Okawaru
 29718 | Spider:3 | Received a gift from Okawaru
 30128 | Spider:3 | Reached XP level 17. HP: 154/154 MP: 29/29
 30604 | Spider:4 | Entered Level 4 of the Spider Nest
 30674 | Spider:4 | Received a gift from Okawaru
 30795 | Spider:4 | Received a gift from Okawaru
 31041 | Spider:4 | Reached skill level 5 in Evocations
 31212 | Spider:4 | Reached skill level 15 in Fighting
 31746 | Spider:4 | Received a gift from Okawaru
 32331 | Spider:4 | Got a gossamer rune of Zot
 33369 | Vaults:1 | Entered Level 1 of the Vaults
 33423 | Vaults:1 | Received a gift from Okawaru
 33937 | Vaults:1 | Reached skill level 10 in Armour
 33945 | Vaults:1 | Received a gift from Okawaru
 34096 | Vaults:1 | Reached XP level 18. HP: 48/166 MP: 30/30
 34517 | D:13     | Received a gift from Okawaru
 34881 | Vaults:1 | Reached XP level 19. HP: 173/173 MP: 31/31
 34899 | Vaults:1 | Received a gift from Okawaru
 35381 | D:13     | Received a gift from Okawaru
 35507 | Vaults:1 | Identified the +1 lajatang "Ofaapoyrr" {spect, rC- Str+5
                  | Int+3}
 35507 | Vaults:1 | Identified the ring "Labeshruj" {Drain +Blink rN++ Str+6
                  | Dex-5}
 35590 | Vaults:1 | Received a gift from Okawaru
 36682 | Vaults:2 | Received a gift from Okawaru
 37082 | Vaults:2 | Received a gift from Okawaru
 37158 | Vaults:2 | Reached skill level 10 in Shields
 37267 | Vaults:2 | Received a gift from Okawaru
 37498 | Vaults:2 | Found Annuywn's Magic Scroll Emporium.
 37506 | Vaults:2 | Bought a scroll of enchant armour for 157 gold pieces
 37506 | Vaults:2 | Bought a scroll of teleportation for 63 gold pieces
 37506 | Vaults:2 | Bought a scroll of magic mapping for 157 gold pieces
 37538 | Vaults:2 | Reached XP level 20. HP: 87/184 MP: 26/32
 37881 | Vaults:2 | Received a gift from Okawaru
 38221 | Vaults:2 | Found a staircase to the Crypt.
 38221 | Vaults:2 | Found a basalt altar of Yredelemnul.
 38222 | Vaults:2 | Found an ancient bone altar of Kikubaaqudgha.
 38669 | Vaults:3 | Received a gift from Okawaru
 38716 | Vaults:3 | Noticed Donald
 38729 | Vaults:3 | Killed Donald
 38845 | Vaults:3 | Received a gift from Okawaru
 39145 | Vaults:3 | Reached ****** piety under Okawaru
 39369 | Vaults:3 | Received a gift from Okawaru
 40428 | Vaults:4 | Identified the -1 pair of gloves of Anaesthesia {rF+ MP+9}
                  | (Okawaru gifted it to you on level 4 of the Vaults)
 40428 | Vaults:4 | Received a gift from Okawaru
 40773 | Vaults:4 | Reached XP level 21. HP: 175/195 MP: 33/33
 41329 | Vaults:4 | Reached skill level 15 in Throwing
 41904 | Vaults:4 | Found Ceokkofo's Distillery.
 42249 | D:4      | Bought a manual of Throwing for 880 gold pieces
 42295 | D:4      | Bought a potion of might for 40 gold pieces
 42295 | D:4      | Bought a potion of curing for 30 gold pieces
 42295 | D:4      | Bought 2 potions of heal wounds for 100 gold pieces
 42295 | D:4      | Bought a potion of curing for 30 gold pieces
 42295 | D:4      | Bought a potion of haste for 100 gold pieces
 42378 | D:2      | Bought a pair of runed boots for 150 gold pieces
 42738 | Crypt:1  | Entered Level 1 of the Crypt
 43175 | Vaults:4 | Bought a potion of haste for 220 gold pieces
 43437 | Depths:1 | Entered Level 1 of the Depths
 43465 | Depths:1 | Identified the amulet "Onopliri" {RegenMP Dex+2 Slay+4}
 43518 | Depths:1 | Received a gift from Okawaru
 43740 | Depths:1 | Found a one-way gate to the infinite horrors of the Abyss.
 43758 | Depths:1 | Received a gift from Okawaru
 43773 | Depths:1 | Found a gateway to Hell.
 43944 | Depths:1 | Found a glowing golden altar of the Shining One.
 44025 | Depths:1 | Found a basalt altar of Yredelemnul.
 44315 | Depths:2 | Received a gift from Okawaru
 44577 | Depths:2 | Reached skill level 15 in Armour
 44589 | Depths:2 | Noticed a golden dragon
 44758 | Depths:2 | Killed a golden dragon
 44758 | Depths:2 | Received a gift from Okawaru
 45024 | Depths:2 | Found a one-way gateway to a ziggurat.
 45272 | Depths:2 | Reached XP level 22. HP: 207/209 MP: 34/34
 45517 | Depths:2 | Noticed a juggernaut
 45532 | Depths:2 | Killed a juggernaut
 45560 | Depths:2 | Gained mutation: You are weak. (Str -2) [a shining eye]
 45562 | Depths:2 | Lost mutation: You are weak. (Str -2) [potion of mutation]
 45562 | Depths:2 | Gained mutation: You are frail. (-10% HP) [potion of
                  | mutation]
 45563 | Depths:2 | Lost mutation: You are frail. (-10% HP) [potion of
                  | mutation]
 45563 | Depths:2 | Gained mutation: You have sharp toenails. [potion of
                  | mutation]
 45563 | Depths:2 | Gained mutation: You sometimes lose your temper in combat.
                  | [potion of mutation]
 45563 | Depths:2 | Gained mutation: Your spells are a little harder to cast,
                  | but a little more powerful. [potion of mutation]
 45564 | Depths:2 | Lost mutation: You have sharp toenails. [potion of
                  | mutation]
 45564 | Depths:2 | Lost mutation: You sometimes lose your temper in combat.
                  | [potion of mutation]
 45564 | Depths:2 | Lost mutation: Your spells are a little harder to cast, but
                  | a little more powerful. [potion of mutation]
 45564 | Depths:2 | Gained mutation: You are frail. (-10% HP) [potion of
                  | mutation]
 45564 | Depths:2 | Gained mutation: You are clumsy. (Dex -2) [potion of
                  | mutation]
 45565 | Depths:2 | Lost mutation: You are frail. (-10% HP) [potion of
                  | mutation]
 45565 | Depths:2 | Lost mutation: You are clumsy. (Dex -2) [potion of
                  | mutation]
 45565 | Depths:2 | Gained mutation: You are frail. (-10% HP) [potion of
                  | mutation]
 45565 | Depths:2 | Gained mutation: You have sharp toenails. [potion of
                  | mutation]
 45565 | Depths:2 | Gained mutation: You have razor-sharp toenails. [potion of
                  | mutation]
 45565 | Depths:2 | Gained mutation: You have a pair of small horns on your
                  | head. [potion of mutation]
 45569 | Depths:2 | Lost mutation: You have a pair of small horns on your head.
                  | [potion of mutation]
 45569 | Depths:2 | Lost mutation: You are frail. (-10% HP) [potion of
                  | mutation]
 45569 | Depths:2 | Gained mutation: You passively dampen the noise of your
                  | surroundings. [potion of mutation]
 45655 | Depths:2 | Found a glowing silver altar of Zin.
 45656 | Depths:2 | Found a glowing golden altar of the Shining One.
 45657 | Depths:2 | Found a white marble altar of Elyvilon.
 45703 | Depths:2 | Found Ymeephiff's Neck Hole.
 45785 | Depths:2 | Found a one-way gate leading to the halls of Pandemonium.
 45788 | Depths:2 | Gained mutation: Your spells are a little easier to cast,
                  | but a little less powerful. [a cacodemon]
 45792 | Depths:2 | Gained mutation: You are vulnerable to cold. (rC-) [a
                  | cacodemon]
 46206 | Depths:3 | Received a gift from Okawaru
 46393 | Depths:3 | Found Istoise's Book Boutique.
 46395 | Depths:3 | Found Ugi Dao's Jewellery Emporium.
 46396 | Depths:3 | Found Awnown's Book Boutique.
 46430 | Depths:3 | Received a gift from Okawaru
 46881 | Depths:3 | Received a gift from Okawaru
 47096 | Depths:3 | Reached skill level 15 in Shields
 47617 | Depths:3 | Gained mutation: You occasionally lose the ability to read
                  | scrolls when taking damage. [a neqoxec]
 47642 | Depths:3 | Lost mutation: You passively dampen the noise of your
                  | surroundings. [potion of mutation]
 47642 | Depths:3 | Lost mutation: Your spells are a little easier to cast, but
                  | a little less powerful. [potion of mutation]
 47642 | Depths:3 | Gained mutation: You are frail. (-10% HP) [potion of
                  | mutation]
 47642 | Depths:3 | Gained mutation: You have a pair of small horns on your
                  | head. [potion of mutation]
 47643 | Depths:3 | Lost mutation: You have a pair of small horns on your head.
                  | [potion of mutation]
 47643 | Depths:3 | Lost mutation: You are vulnerable to cold. (rC-) [potion of
                  | mutation]
 47643 | Depths:3 | Lost mutation: You are frail. (-10% HP) [potion of
                  | mutation]
 47643 | Depths:3 | Gained mutation: Your spells are a little harder to cast,
                  | but a little more powerful. [potion of mutation]
 47643 | Depths:3 | Gained mutation: You sometimes lose your temper in combat.
                  | [potion of mutation]
 47643 | Depths:3 | Gained mutation: You expend magic power (3 MP) to
                  | strengthen your wands. [potion of mutation]
 47644 | Depths:3 | Lost mutation: You expend magic power (3 MP) to strengthen
                  | your wands. [potion of mutation]
 47644 | Depths:3 | Lost mutation: Your spells are a little harder to cast, but
                  | a little more powerful. [potion of mutation]
 47644 | Depths:3 | Lost mutation: You have razor-sharp toenails. [potion of
                  | mutation]
 47644 | Depths:3 | Gained mutation: You are dopey. (Int -2) [potion of
                  | mutation]
 47644 | Depths:3 | Lost mutation: You have sharp toenails. [potion of
                  | mutation]
 47644 | Depths:3 | Lost mutation: You sometimes lose your temper in combat.
                  | [potion of mutation]
 47645 | Depths:3 | Lost mutation: You occasionally lose the ability to read
                  | scrolls when taking damage. [potion of mutation]
 47645 | Depths:3 | Lost mutation: You are dopey. (Int -2) [potion of mutation]
 47645 | Depths:3 | Gained mutation: You are frail. (-10% HP) [potion of
                  | mutation]
 47645 | Depths:3 | Gained mutation: Your magical capacity is low. (-10% MP)
                  | [potion of mutation]
 48026 | Vaults:4 | Bought a potion of mutation for 176 gold pieces
 48026 | Vaults:4 | Bought a potion of mutation for 176 gold pieces
 48026 | Vaults:4 | Bought a potion of haste for 220 gold pieces
 48026 | Vaults:4 | Bought a potion of curing for 66 gold pieces
 48026 | Vaults:4 | Bought 2 potions of curing for 132 gold pieces
 48359 | Depths:4 | Entered Level 4 of the Depths
 48510 | Depths:4 | Found a flickering gateway to a bazaar.
 48541 | Depths:4 | Found a gate to the Realm of Zot.
 48575 | Depths:4 | Reached XP level 23. HP: 124/198 MP: 31/31
 48632 | Depths:4 | Noticed a caustic shrike
 48637 | Depths:4 | Noticed a caustic shrike
 48640 | Depths:4 | Killed a caustic shrike
 48641 | Depths:4 | Noticed a caustic shrike
 48642 | Depths:4 | Noticed a caustic shrike
 48643 | Depths:4 | Killed a caustic shrike
 48645 | Depths:4 | Killed a caustic shrike
 48645 | Depths:4 | Received a gift from Okawaru
 48646 | Depths:4 | Killed a caustic shrike
 48647 | Depths:4 | Noticed a caustic shrike
 48723 | Depths:4 | Killed a caustic shrike
 48803 | Depths:4 | Received a gift from Okawaru
 48876 | Bazaar   | Entered a bazaar
 48880 | Bazaar   | Found Conuvo's Jewellery Boutique.
 48898 | Bazaar   | Found Kutrobu Riux's Antique Weapon Emporium.
 48916 | Bazaar   | Found Haunoe Royta's Weapon Boutique.
 48933 | Bazaar   | Found Xeipuugg's Antique Armour Shoppe.
 49933 | Vaults:5 | Entered Level 5 of the Vaults
 49972 | Vaults:5 | Received a gift from Okawaru
 50029 | Vaults:5 | Identified the ring of Finality {rC+ Will+ rCorr EV+5}
 50260 | Vaults:5 | Identified the +5 leather armour "Jocezos" {rPois Str+5}
 50452 | Vaults:5 | Received a gift from Okawaru
 50466 | Vaults:5 | Identified the amulet of Tomorrow {Faith Dex+4}
 50480 | Vaults:5 | Identified the amulet of Grontol {Spirit +Inv rF- Will+++
                  | Int-4}
 50532 | Vaults:5 | Reached XP level 24. HP: 173/207 MP: 31/31
 50629 | Vaults:5 | Identified the amulet of Susapu {Reflect rElec rN+ SH+5
                  | Stlth+}
 51123 | Vaults:5 | Found the +7 staff of the Meek {protect, meekguard}
 51241 | Vaults:5 | Got a silver rune of Zot
 51518 | Vaults:5 | Identified the ring "Biph" {rC+ rN++ MP+9 Dex+2}
 51541 | Vaults:5 | Identified the +2 helmet of Fexyrphoa {rN+ Will++ Regen+
                  | Int-2}
 51656 | Vaults:5 | Received a gift from Okawaru
 52480 | Swamp:3  | Identified the +5 ring mail "Dulot" {rN+ Will- Str+3}
 52852 | Swamp:4  | Entered Level 4 of the Swamp
 52946 | Swamp:4  | Found a large runed translucent door.
 52946 | Swamp:4  | Found a large runed translucent door.
 52950 | Swamp:4  | Noticed Jethros's ghost (adept GrEE)
 52983 | Swamp:4  | Received a gift from Okawaru
 53135 | Swamp:4  | Got a decaying rune of Zot
 53625 | Zot:1    | Entered Level 1 of the Realm of Zot
 53987 | D:4      | Bought a scroll of brand weapon for 104 gold pieces
 53987 | D:4      | Bought a scroll of magic mapping for 82 gold pieces
 53987 | D:4      | Bought a scroll of magic mapping for 82 gold pieces
 54358 | Zot:1    | Reached skill level 5 in Dodging
 54746 | Zot:1    | Received a gift from Okawaru
 54834 | Zot:1    | Received a gift from Okawaru
 55172 | Zot:1    | Identified the +7 whip of Edghulid {freeze, rElec Int+4}
 55411 | Zot:1    | Noticed Parghit
 55422 | Zot:1    | Killed Parghit
 55595 | Zot:2    | Noticed a curse toe
 55602 | Zot:2    | Killed a curse toe
 55604 | Zot:2    | Noticed a curse toe
 55621 | Zot:2    | Killed a curse toe
 55621 | Zot:2    | Received a gift from Okawaru
 55793 | Zot:4    | Noticed a curse toe
 55803 | Zot:4    | Killed a curse toe
 55812 | Zot:4    | Reached XP level 25. HP: 171/218 MP: 31/31
 55896 | Zot:4    | Received a gift from Okawaru
 55935 | Zot:5    | Entered Level 5 of the Realm of Zot
 56882 | Zot:5    | Noticed a dread lich
 56895 | Zot:5    | Killed a dread lich
 56935 | Zot:5    | Noticed an ancient lich
 56939 | Zot:5    | Noticed a Killer Klown
 56948 | Zot:5    | Killed an ancient lich
 56957 | Zot:5    | Noticed a Killer Klown
 57129 | Zot:5    | Killed a Killer Klown
 57149 | Zot:5    | Noticed an orb of fire
 57306 | Zot:5    | Gained mutation: Your body sometimes deteriorates upon
                  | taking damage. [an orb of fire]
 57312 | Zot:5    | Killed an orb of fire
 57312 | Zot:5    | Identified the +0 pair of boots of the Centipede {-Cast
                  | rF++ SInv Stlth+} (Okawaru gifted it to you on level 5 of
                  | the Realm of Zot)
 57312 | Zot:5    | Received a gift from Okawaru
 57400 | Zot:5    | Killed a Killer Klown
 57428 | Zot:5    | Noticed a Killer Klown
 57436 | Zot:5    | Killed a Killer Klown
 57445 | Zot:5    | Noticed a Killer Klown
 57453 | Zot:5    | Killed a Killer Klown
 57463 | Zot:5    | Noticed a Killer Klown
 57485 | Zot:5    | Killed a Killer Klown
 57486 | Zot:5    | Noticed an orb of fire
 57486 | Zot:5    | Noticed an ancient lich
 57487 | Zot:5    | Noticed an orb of fire
 57497 | Zot:5    | Gained mutation: Your spells are a little easier to cast,
                  | but a little less powerful. [an orb of fire]
 57498 | Zot:5    | Killed an ancient lich
 57501 | Zot:5    | Killed an orb of fire
 57503 | Zot:5    | Killed an orb of fire
 57506 | Zot:5    | Noticed an orb of fire
 57516 | Zot:5    | Killed an orb of fire
 57533 | Zot:5    | Got the Orb of Zot
 57806 | Depths:3 | Noticed Niyrch the pandemonium lord
 58215 | D:$      | Escaped with the Orb!

Illustrated notes

Levels and vault maps discovered:
D:1:      mainiacjoe_arrival_reflecting_pool, layout_loops_cross
D:2:      layout_rooms, basic_altar, serial_shops, nicolae_shop_trees,
          nicolae_square_shop, nicolae_shop_behind_doors,
          ebering_ecumenical_altar_petrified
D:3:      layout_loops_ring, eino_curves_02, kennysheep_cluttered_room
D:4:      layout_rooms, mainiacjoe_overflow_surrounded_room,
          minmay_temple_entry_hall, serial_shops,
          nicolae_shop_industrial_runoff, nicolae_shop_hallway_stairs,
          nicolae_shop_window_shopping, nicolae_diamond_shop,
          nicolae_shop_waterfront, nicolae_shop_distant_corner_stores,
          patterned_corridor, uniq_sigmund
D:5:      layout_cave_pods, chei_slow_surprise, uniq_duvessa
D:6:      layout_basic, hangedman_ru_absence, gammafunk_ghost_necromancy,
          nicolae_zen_rock_garden
D:7:      layout_basic, nicolae_figureground_sparkle
D:8:      layout_gridville, dpeg_oklobed_lair, uniq_maggie, uniq_joseph,
          uniq_maurice, uniq_pikel
D:9:      layout_cave_pools, nicolae_overflow_hidden_temple, erik_orc_2
D:10:     layout_roguey
D:11:     layout_basic
D:12:     layout_rooms, serial_shops, shop, kb_rosetta
D:13:     minmay_tile_spiral, layout_basic, david_vaults_4, uniq_azrael,
          uniq_jorgrun
D:14:     layout_loops_corners, serial_shops, nicolae_shop_advertising_works
          [nicolae_subvault_shop_adworks], gammafunk_ghost_mausoleum,
          minivault_11, hangedman_decor_slide_cut, uniq_lodul, uniq_frances
D:15:     grunt_enter_depths_giant_problem, layout_long_grid,
          gauntlet_entry_generic, serial_shops, nicolae_shop_gaudy_bauble,
          uniq_kirke
Temple:   nicolae_temple_bog_church
Lair:1:   statuecave_lemuel, layout_cellular_growth, nicolae_lair_lindhole
Lair:2:   layout_chaotic_city, portal_ice_cave_rime,
          chequers_serial_rivers_marsh
Lair:3:   layout_chaotic_city, nicolae_swamp_entry_splash_gauntlet,
          spider_nest_entry_rubble
Lair:4:   layout_regular_city, minmay_slime_entry_pillars, basic_altar,
          lemuel_fruit_fields
Lair:5:   cheibrodos_lair_end_hotspot, layout_regular_city,
          nicolae_volcano_entry_vermiform, uniq_rupert
Swamp:1:  layout_basic_swamp, evilmike_swamp_ruin_house_3
Swamp:2:  layout_basic_swamp, evilmike_swamp_ruin_house_5, uniq_mlioglotl
Swamp:3:  layout_basic_swamp, evilmike_swamp_ruin_rubble_1
Swamp:4:  swamp_icy, layout_basic_swamp, ebering_ghost_disaster_area,
          swamp_pool4
Spider:1: layout_cave_pods, hellmonk_test_site
Spider:2: layout_spider_delve
Spider:3: layout_spider_delve
Spider:4: spider_rune_water
Orc:1:    layout_diamond_mine, ebering_ghost_reflecting_pool, serial_shops,
          shop, nicolae_shop_real_fake_doors, shop, shop, shop, uniq_gastronok
Orc:2:    grunt_orc_gardens, layout_caves, grunt_orc_garden, grunt_orc_garden,
          grunt_orc_garden, grunt_orc_garden, special_room
Vaults:1: v_rooms_1, st_greater_box_4, v_misc_23,
          ontoclasm_vaults_loading_screen, nicolae_vaults_stairing_the_circle,
          nicolae_vaults_little_squares_2, ontoclasm_vaults_gateway,
          nicolae_vaults_closet_pinwheel_1, nicolae_vaults_sesquioval_fish,
          layout_vaults_omnibox
Vaults:2: v_rooms_4, nicolae_vaults_yaktaur_gun_rack, vaults_dpeg_ring,
          v_misc_1, nicolae_vaults_shelves_hall, nicolae_vaults_tetromino_T_1,
          v_misc_5, ontoclasm_vaults_ring_square, hangedman_vaults_stitches,
          vaults_dpeg_encased_lava, minmay_crypt_entry_necro_gods,
          vaults_mumra_hex, layout_vaults_omnicross, serial_shops,
          nicolae_diamond_shop
Vaults:3: nicolae_vaults_trapezoid_layered, ontoclasm_vaults_ring_large,
          nicolae_vaults_tetromino_Z_2, hangedman_vaults_locks,
          nicolae_vaults_network_square, hangedman_vaults_nails,
          vaults_room_door_ring, nicolae_vaults_storage_closets_3,
          nicolae_vaults_shrinking_rooms_1, nicolae_vaults_display_case,
          dpeg_vaults_monster_box, vaults_room_door_ring,
          nicolae_vaults_tetromino_L_2, layout_vaults_big_room, uniq_donald
Vaults:4: nicolae_vaults_what_the_h, nicolae_vaults_trapezoid_1,
          hangedman_vaults_stretched_pinwheel, nicolae_vaults_back_hallway,
          grunt_vaults_twisty, v_misc_13, vaults_standard_mumra_lines,
          nicolae_vaults_network_star, nicolae_vaults_tangram_1,
          nicolae_vaults_little_squares_2, ontoclasm_vaults_idyll,
          vaults_dpeg_spiral, nicolae_vaults_tetromino_Z_2,
          ontoclasm_vaults_pinch, layout_vaults_ring, serial_shops, shop
Vaults:5
Crypt:1:  layout_catacombs
Depths:1: layout_twisted_cross, abyss_entry, pf_vacation_house_of_asmodeus,
          tso_metal_star, yredelemnul_altar_generic
Depths:2: minmay_concentric_multi, layout_gridlike, enter_ziggurat_b,
          grunt_pan_entry_spiral, hell_entry, good_gods_temple_1,
          nicolae_shop_sticking_my_neck_out
Depths:3: kennysheep_windowed_halls, layout_cave_shapes,
          grunt_hell_entry_demonic_statue, minmay_door_square,
          hangedman_abyss_entry_splay, st_stairs_5, infiniplex_staircase_x,
          minmay_shop_grove
Depths:4: grunt_crosshair, layout_cross, rand_demon_pan_entry_9,
          serial_bayou_pond_a, abyss_entry, serial_shops, bzr_entry_gold,
          hell_entry, serial_bayou_shore_b
Zot:1:    layout_gridlike, drop_trap, uniq_parghit
Zot:2:    layout_cathedral_of_symmetry, st_small_dragon_hoard_4
Zot:3:    layout_basic, uniq_josephina
Zot:4:    layout_onion_interference, grunt_megastairs_2
Zot:5:    layout_misc_corridors, st_stairs_7

Skill      XL: |  1  2  3  4  5  6  7  8  9 10 11 12 13 14 15 16 17 18 19 20 21 22 23 24 25 |
---------------+----------------------------------------------------------------------------+-----
Fighting       | 2 3 4 5 6 7 8 9 11 12 13 14 15 16 17 18 19 21 22 23 | 23.8
Axes           | 1 3 6 7 9 11 12 14 16 18 19 21 22 23 | 23.0
Invocations    | 3 5 7 8 10 11 13 14 16 | 16.7
Shields        | 2 4 6 7 8 10 12 14 15 16 17 18 | 18.9
Throwing       | 3 5 6 8 9 10 11 12 13 14 16 18 19 20 | 20.7
Armour         | 1 5 7 10 12 13 15 16 17 18 19 | 19.8
Evocations     | 4 7 9 |  9.0
Dodging        | 3 6 8 |  8.0
Unarmed Combat | |  3.2
Spellcasting   | |  1.5
Transmutations | |  1.3

Action                     |  1- 3 |  4- 6 |  7- 9 | 10-12 | 13-15 | 16-18 | 19-21 | 22-24 | 25-27 || total
---------------------------+-------+-------+-------+-------+-------+-------+-------+-------+-------++-------
  Melee: Unarmed           |    22 |       |       |       |       |     2 |       |       |       ||    24
         Kick              |     1 |       |       |       |       |       |       |       |       ||     1
         Short sword       |    66 |   156 |       |       |       |       |       |       |       ||   222
         Punch             |     2 |     2 |       |       |       |       |       |       |       ||     4
         War axe           |       |     9 |    44 |       |       |       |       |       |       ||    53
         Demon trident     |       |       |   223 |   346 |       |       |       |       |       ||   569
         Broad axe         |       |       |       |   323 |  1082 |  1101 |  1547 |  1474 |   233 ||  5760
         Hand axe          |       |       |       |       |       |       |       |   112 |       ||   112
   Fire: Sling             |     9 |       |       |       |       |       |       |       |       ||     9
  Throw: Dart              |       |       |    11 |    29 |    15 |    31 |    50 |     8 |     4 ||   148
         Boomerang         |       |       |       |    23 |   188 |    53 |       |       |       ||   264
         Javelin           |       |       |       |       |     7 |    40 |    27 |    53 |    13 ||   140
   Cast: Beastly Appendage |     1 |       |       |       |       |       |       |       |       ||     1
 Invoke: Heroism           |       |       |     1 |    12 |    19 |    21 |    12 |    23 |     7 ||    95
         Finesse           |       |       |       |     2 |     8 |     3 |     3 |     4 |     3 ||    23
  Evoke: Wand              |       |     4 |    19 |    25 |    17 |    12 |     4 |     3 |       ||    84
         Lightning rod     |       |       |       |       |       |     6 |     4 |    10 |     1 ||    21
    Use: Potion            |     1 |     1 |     4 |     2 |    13 |     4 |     2 |    10 |     2 ||    39
         Scroll            |       |     5 |     6 |     2 |    12 |    19 |    15 |    11 |     6 ||    76
   Stab: Paralysed         |       |       |    13 |       |     3 |     5 |       |       |       ||    21
         Invisible         |       |       |       |       |     3 |     6 |       |     2 |       ||    11
         Confused          |       |       |       |       |       |       |       |     2 |       ||     2
         Distracted        |       |       |       |       |       |       |       |     1 |     4 ||     5
 Armour: Skin              |     3 |       |       |       |       |       |       |       |       ||     3
         Scale mail        |    41 |    41 |       |       |   129 |    73 |       |       |       ||   284
         Robe              |     4 |       |       |       |       |       |       |       |       ||     4
         Chain mail        |       |    39 |   142 |    53 |       |    35 |   517 |       |       ||   786
         Plate armour      |       |       |       |   261 |   241 |   498 |       |       |       ||  1000
         Gold dragon scale |       |       |       |       |       |       |    85 |   937 |    86 ||  1108
  Dodge: Dodged            |    42 |    49 |   101 |   119 |   268 |   298 |   325 |   311 |    29 ||  1542
         Repelled          |       |       |       |       |     4 |     3 |     6 |     9 |     6 ||    28
  Block: Buckler           |       |       |    33 |   121 |   214 |   245 |       |       |       ||   613
         Kite shield       |       |       |       |       |       |    24 |   105 |   764 |    83 ||   976
         Tower shield      |       |       |       |       |       |       |   798 |   201 |       ||   999
